 Dungeon Crawl Stone Soup version 0.20.1-1-g8b1a95d (webtiles) character file.

364 Linguinho the Ruffian (level 6, -1/57 HPs)
             Began as a Troll Hunter on Nov 14, 2017.
             Killed by nerve-wracking pain
             ... invoked by Menkaure
              (8 damage)
             ... on level 4 of the Dungeon.
             The game lasted 00:03:56 (2388 turns).

Linguinho the Ruffian (Troll Hunter)                Turns: 2388, Time: 00:03:57

Health: -1/57      AC:  5    Str: 23    XL:     6   Next: 39%
Magic:  5/5        EV: 10    Int:  7    God:
Gold:   273        SH:  0    Dex: 10    Spells: 5/5 levels left

rFire    . . .     SeeInvis .     - Unarmed
rCold    . . .     Gourm    +   (no shield)
rNeg     . . .     Faith    .   b - +0 robe
rPois    .         Spirit   .   (helmet restricted)
rElec    .         Reflect  .   (no cloak)
rCorr    .         Harm     .   (gloves unavailable)
MR       .....                  (boots unavailable)
Stlth    +.........             (no amulet)
Regen    0.6/turn               (no ring)
MPRegen  0.1/turn               (no ring)

@: no status effects
A: unfitting armour, claws 3, fast metabolism 3, gourmand, regeneration 1,
shaggy fur 1, tough skin 2
a: no special abilities


You were on level 4 of the Dungeon.
You were very full.

You visited 1 branch of the dungeon, and saw 4 of its levels.

You collected 273 gold pieces.

Inventory:

Hand Weapons
 y - a +0 giant club
Missiles
 c - 5 large rocks
 d - 4 throwing nets
 s - 3 tomahawks (quivered)
Armour
 b - a +0 robe (worn)
Jewellery
 h - a cursed ring of teleportation {unknown}
 i - an uncursed ring of positive energy {unknown}
 l - an uncursed amulet of magic regeneration {unknown}
Wands
 k - a wand of iceblast (6/15)
 x - a wand of confusion (33/48)
 A - a wand of confusion (14/48)
Scrolls
 a - a scroll of recharging {unknown}
 e - 3 scrolls of teleportation {unknown}
 m - a scroll of enchant weapon {unknown}
 o - a scroll of magic mapping {unknown}
 p - a scroll of noise {unknown}
 q - a scroll of amnesia {unknown}
 t - a scroll of enchant armour {unknown}
 u - 2 scrolls of identify {unknown}
Potions
 g - a potion of flight {unknown}
 j - a potion of heal wounds {unknown}
 r - a potion of lignification {unknown}
 v - a potion of haste {unknown}
 w - 2 potions of brilliance {unknown}
Comestibles
 f - 3 bread rations
 n - a meat ration
 z - a royal jelly


   Skills:
 + Level 1.9 Fighting
 * Level 0.1 Maces & Flails
 * Level 4.4 Throwing
 + Level 2.7 Dodging
 - Level 0.3 Stealth
 * Level 4.9 Unarmed Combat


You had 5 spell levels left.
You didn't know any spells.

Dungeon Overview and Level Annotations

Branches:
Dungeon (4/15)
 Temple: D:4-7

Altars:
Hepliaklqana
Ru
Trog

Shops:
D:4 [

Annotations:
D:4 Menkaure


Innate Abilities, Weirdness & Mutations

You are too large for most types of armour.
You have claws for hands.
Your metabolism is lightning-fast.
You like to eat raw meat.
Your natural rate of healing is unusually fast.
You are covered in fur. (AC +1)
You have very tough skin. (AC +2)


Message History

You are too injured to fight recklessly!
You are too injured to fight recklessly!
You are too injured to fight recklessly!
You scratch Menkaure.
Menkaure is lightly damaged.
Menkaure barely misses you.
You scratch Menkaure.
Menkaure is moderately damaged.
You barely miss Menkaure.
Menkaure is moderately damaged.
Menkaure hits you!
* * * LOW HITPOINT WARNING * * *
You claw Menkaure!
Menkaure is severely damaged.
Menkaure hits you.
* * * LOW HITPOINT WARNING * * *
Okay, then.
Menkaure gestures at you while chanting.
Pain shoots through your body!
You die...

###..........# #.. #............#
###.. #.#######....# #.... #.#
#....# #.... #.# ....## #....
#.### .....## #.... ###...##
......###.##.
#...#..####..........##.
##########.#....@..M.....###.....
#............###.......### #.....
..###......### #.....### ##.....
.## #.....## #....## #.....# ##
#...### #....## #...### #...##
#...## #...# #...## ...## #..#
#..## ...## #..# ..# #..#


You could see Menkaure.

Vanquished Creatures
  An ogre (D:4)
  A scorpion (D:4)
  A bullfrog zombie (D:4)
  Natasha (twice) (D:2)
  7 adders
  An ooze (D:2)
  4 worms
  A dart slug (D:2)
  5 leopard geckos
  6 orcs
  A ball python (D:3)
  2 giant cockroaches
  8 goblins
  4 hobgoblins
  A jackal (D:4)
  5 kobolds
  5 bats
  5 frilled lizards
  8 rats
68 creatures vanquished.

Notes
Turn   | Place    | Note
-------+----------+-------------------------------------------
     0 | D:1      | Linguinho the Troll Hunter began the quest for the Orb.
     0 | D:1      | Reached XP level 1. HP: 19/19 MP: 0/0
   127 | D:1      | Reached XP level 2. HP: 26/27 MP: 1/1
   613 | D:2      | Reached skill level 1 in Unarmed Combat
   683 | D:2      | Reached XP level 3. HP: 11/33 MP: 2/2
   848 | D:2      | Found a bloodstained altar of Trog.
   926 | D:2      | Noticed Natasha
   934 | D:2      | Killed Natasha
   934 | D:2      | Reached XP level 4. HP: 37/41 MP: 3/3
  1181 | D:2      | Found a sacrificial altar of Ru.
  1185 | D:2      | Found a hazy altar of Hepliaklqana.
  1192 | D:2      | Found a bloodstained altar of Trog.
  1205 | D:2      | Noticed Natasha
  1211 | D:2      | Killed Natasha
  1211 | D:2      | Reached XP level 5. HP: 43/49 MP: 4/4
  1902 | D:4      | Noticed an ogre
  1916 | D:4      | Killed an ogre
  1975 | D:4      | Reached XP level 6. HP: 9/57 MP: 5/5
  2175 | D:4      | Found Eklotanym's Armour Shoppe.
  2377 | D:4      | Noticed Menkaure
  2388 | D:4      | Killed from afar by Menkaure

Skill      XL: |  1  2  3  4  5 |
---------------+----------------+-----
Throwing       | 4 |  4.4
Unarmed Combat | 1 2 3 4 |  4.9
Dodging        | 2 |  2.7
Fighting       | |  1.9
Maces & Flails | |  0.1
Stealth        | |  0.3

Action                   |  1- 3 |  4- 6 || total
-------------------------+-------+-------++-------
Melee: Unarmed           |   100 |   114 ||   214
       Short sword       |     5 |       ||     5
       Giant club        |       |    28 ||    28
       Punch             |       |     1 ||     1
Throw: Tomahawk          |       |     2 ||     2
  Eat: Chunk             |    14 |    13 ||    27
Armor: Robe              |    37 |    44 ||    81
Dodge: Dodged            |    64 |    64 ||   128
